 Dungeon Crawl Stone Soup version 0.32-a0-616-g9348d4545b (webtiles) character file.

Game seed: 12305517193113079613

24049 ezpacito the Cleaver (level 13, -4/99 HPs)
             Began as a Coglin Chaos Knight on Mar 5, 2024.
             Was a Plaything of Xom.
             Slain by a vault guard
             ... wielding a +0 dire flail
              (12 damage)
             ... on level 13 of the Dungeon.
             The game lasted 00:23:29 (12148 turns).

ezpacito the Cleaver (Coglin Chaos Knight)         Turns: 12148, Time: 00:23:30

Health: -4/99      AC: 16    Str: 23    XL:     13   Next: 10%
Magic:  17/19      EV: 15    Int:  8    God:    Xom [....*.]
Gold:   1805       SH:  4    Dex: 14    Spells: 2/20 levels left

rFire   . . .        m - +9 scimitar of Jusoo {heavy, rC+ SInv}
rCold   + . .        e - +1 trident "Fozyoh" {flame, Will+ Str+2}
rNeg    . . .        g - +2 acid dragon scales
rPois   +            (helmet restricted)
rElec   .            v - +2 cloak
rCorr   +            (no gloves)
SInv    +            C - +2 pair of boots {Stlth+}
Will    +....        (amulet unavailable)
Stlth   +++          (ring unavailable)
HPRegen 0.36/turn    (ring unavailable)
MPRegen 0.16/turn    (no gizmo)

%: random rage (3%)
@: about to teleport, on berserk cooldown, slowed, studying Ice Magic, revved,
very slow
A: off-hand wielding, slow wielding, warmup strikes, no jewellery, horns 1,
large bone plates 1, berserk 1, dopey 1, mutation resistance 1, poison
resistance, strong 1, MP-powered wands
a: Invent Gizmo, Renounce Religion


You were on level 13 of the Dungeon.
You worshipped Xom.
You were a beloved toy of Xom.
You visited 2 branches of the dungeon, and saw 14 of its levels.

You collected 1928 gold pieces.
You spent 123 gold pieces at shops.

Inventory:

Hand Weapons
 a - a +0 hand axe of chaos {Ichio}
 e - the +1 trident "Fozyoh" (offhand) {flame, Will+ Str+2}
   (You found it on level 7 of the Dungeon)

   Str+2:     It affects your strength (+2).
   Will+:     It increases your willpower.
 m - the +9 scimitar of Jusoo (weapon) {heavy, rC+ SInv}
   (You found it on level 2 of the Dungeon)

   rC+:       It protects you from cold.
   SInv:      It lets you see invisible.
 w - a +0 heavy broad axe
 A - a +2 spear of flaming
 G - a +5 quick blade of venom
Missiles
 d - 24 poisoned darts (quivered)
 o - 8 curare-tipped darts
 I - 2 boomerangs
Armour
 g - +2 acid dragon scales (worn)
 v - a +2 cloak (worn)
 C - a +2 pair of boots of stealth (worn)
Magical Staves
 l - a staff of cold
Wands
 h - a wand of warping (11)
 k - a wand of polymorph (5)
 n - a wand of paralysis (5)
 x - a wand of flame (51)
 D - a wand of digging (3)
Scrolls
 b - a scroll of immolation
 c - 3 scrolls of fog
 i - 4 scrolls of identify
 j - 2 scrolls of revelation
 r - 2 scrolls of vulnerability
 t - 2 scrolls of teleportation
Potions
 f - a potion of mutation
 p - 4 potions of magic
 q - 2 potions of curing
 s - a potion of cancellation
 z - 3 potions of enlightenment
Miscellaneous
 E - a lightning rod (1/4)


   Skills:
 * Level 8.6 Fighting
 + Level 4.8(5.8) Short Blades
 + Level 5.6(6.6) Long Blades
 * Level 8.7(9.5) Axes
 + Level 5.1(7.2) Polearms
 * Level 7.8 Armour
 * Level 7.6 Dodging
 + Level 4.8 Stealth
 + Level 4.4 Spellcasting
 + Level 2.1 Summonings
 + Level 6.1 Ice Magic
 + Level 2.0 Alchemy
 + Level 6.0 Evocations


You had 2 spell levels left.
You knew the following spells:

 Your Spells              Type           Power      Damage    Failure   Level
a - Necrotise             Necr           4%         1d4       32%         1
b - Sting                 Conj/Alch      12%        1d3       22%         1
c - Call Canine Familiar  Summ           5%         N/A       38%         3
d - Summon Blazeheart Go  Fire/Summ      3%         N/A       91%         4
e - Cigotuvi's Dreadful   Necr/Alch/Air  4%         N/A       36%         2
f - Summon Hydra          Summ           2%         N/A       100%        7

Your spell library contained the following spells:

 Spells                   Type           Power      Damage    Failure   Level
 Freeze                   Ice            44%        1d6       2%          1
 Summon Small Mammal      Summ           20%        N/A       14%         1
 Call Imp                 Summ           10%        N/A       22%         2
 Apportation              Tloc           2%         N/A       32%         1
 Sublimation of Blood     Necr           1%         N/A       45%         2
 Frozen Ramparts          Ice            22%        1d4       8%          3
 Hailstorm                Conj/Ice       6%         3d5       28%         3
 Gell's Gravitas          Tloc           1%         N/A       69%         3
 Teleport Other           Tloc           1%         N/A       69%         3
 Ignite Poison            Fire/Alch      3%         N/A       91%         4
 Freezing Cloud           Conj/Ice/Air   2%         6-21      99%         5
 Dispersal                Tloc           0%         N/A       100%        6


Dungeon Overview and Level Annotations

Branches:
Dungeon (13/15)            Temple (1/1) D:6            Lair (0/5) D:8
    Orc (0/2) D:9          Vaults (0/5) D:13

Altars:
Ashenzari
Cheibriados
Dithmenos
Elyvilon
Fedhas
Gozag
Hepliaklqana
Kikubaaqudgha
Makhleb
Nemelex Xobeh
Okawaru
Qazlal
Ru
Sif Muna
Trog
Uskayaw
Vehumet
Wu Jian
Xom
Yredelemnul
Zin
The Shining One

Shops:
D:3 (   D:6 [   D:7 *   D:8 =   D:10 :


Innate Abilities, Weirdness & Mutations

You can wield a second weapon in your off-hand.
It takes a long time for you to wield or remove held weapons.
Your first few attacks do less damage.
You cannot equip rings or amulets.
You have a pair of small horns on your head.
You are partially covered in large bone plates. (SH +4)
You sometimes lose your temper in combat.
You are dopey. (Int -2)
You are somewhat resistant to further mutation.
Your system is resistant to poisons. (rPois)
Your muscles are strong. (Str +4, Int/Dex -1)
You expend magic power (3 MP) to strengthen your wands.


Message History

You are now a beloved toy of Xom.
You are too berserk!
You are too berserk!
The glowing orange brain turns its attention towards you.
You see here a wand of digging (3).
D - a wand of digging (3);
p - 4 potions of magic You feel a strong urge to attack something.
Hit: m) +9 scimitar of Jusoo {heavy, rC+ SInv}
Press: ? - help, Dir - move target, f - glowing orange brain
Aim: a glowing orange brain (about 13% to evade the +9 scimitar of Jusoo)
You reach to attack!
You impale the glowing orange brain with the +1 trident "Fozyoh"!!
You burn the glowing orange brain.
The glowing orange brain is heavily wounded.
Hit: m) +9 scimitar of Jusoo {heavy, rC+ SInv}
Press: ? - help, Dir - move target, f/p - glowing orange brain
Aim: a glowing orange brain (heavily wounded, about 13% to evade the +9 scimitar of Jusoo)
You reach to attack!
You puncture the glowing orange brain with the +1 trident "Fozyoh"!
You burn the glowing orange brain.
The glowing orange brain is severely wounded.
You completely miss the glowing orange brain with the +1 trident "Fozyoh".
Your headbutt misses the glowing orange brain.
The glowing orange brain is severely wounded.
You slice the glowing orange brain with the +9 scimitar of Jusoo!!
You kill the glowing orange brain!
You are no longer berserk.
You are exhausted.
You feel yourself slow down.
The vault guard hits you with a +0 dire flail!
* * * LOW HITPOINT WARNING * * *
Your lightning rod (1/4) has regained one charge.
You now have 7/99 hp.
Okay, then.
Okay, then.
As you read the scroll of teleportation, it crumbles to dust.
You feel strangely unstable.
The vault guard hits you with a +0 dire flail!
You die...
Xom giggles madly!

########
........
###
........
##.##
....####
##..ß##
u.......
#..@..#
...#####
#.....p..##
...+
#........#
...#
+.##......
...# #
#.......
...#
..∩..#...
##ß..##....
##.# #....


You could see a vault guard.

Vanquished Creatures
  Erolcha (D:10)
  2 centaur warriors (D:13)
  3 two-headed ogres
  4 boulder beetles (D:10)
  3 skeletal warriors
  A glowing orange brain (D:13)
  A deep elf pyromancer (D:13)
  A moth of wrath (D:12)
  2 ugly things
  A cyclops (D:11)
  A meliai (D:10)
  2 unseen horrors
  A kobold demonologist (D:10)
  A komodo dragon (D:12)
  A troll (D:10)
  2 raiju (D:10)
  13 slime creatures
  3 wraiths
  5 wyverns
  2 shadows
  A yak (shapeshifter) (D:10)
  2 vampires
  10 yaks
  A redback (D:6)
  A steam dragon (D:8)
  6 vampire mosquitoes
  4 acid dragons
  5 water moccasins
  2 ice beasts
  3 black bears
  4 orc warriors
  An ogre (D:5)
  3 phantoms
  6 centaurs
  3 kobold brigands
  2 bullfrogs
  3 scorpions
  5 wights
  3 howler monkeys (D:10)
  5 electric eels (D:10)
  A jelly (D:7)
  A bombardier beetle (D:5)
  3 gnoll boudas
  2 hounds
  6 orc priests
  A sleepcap (D:4)
  12 orc wizards
  4 iguanas
  16 gnolls
  11 adders
  A river rat (D:8)
  An ufetubus (D:6)
  A dart slug (D:3)
  A ribbon worm (D:2)
  25 orcs
  7 endoplasms
  2 giant cockroaches (D:4)
  10 hobgoblins
  4 jackals (D:4)
  6 quokkas
  5 ball pythons
  9 bats
  A frilled lizard (D:1)
  5 goblins
  24 kobolds
  6 rats
  A butterfly (D:6)
286 creatures vanquished.

Vanquished Creatures (collateral kills)
  A manticore (D:12)
  A shadow (D:10)
  2 orcs (D:12)
4 creatures vanquished.

Vanquished Creatures (others)
  An orc warrior (D:4)
  An orc wizard (D:4)
  An orc (D:4)
  A kobold (D:4)
4 creatures vanquished.

Grand Total: 294 creatures vanquished

Notes
Turn   | Place    | Note
-------+----------+-------------------------------------------
     0 | D:1      | ezpacito the Coglin Chaos Knight began the quest for the
                  | Orb.
     0 | D:1      | Reached XP level 1. HP: 18/18 MP: 1/1
    38 | D:1      | Reached skill level 1 in Dodging
    60 | D:1      | XOM: silly message
   258 | D:1      | XOM: silly message
   280 | D:1      | Reached XP level 2. HP: 24/24 MP: 2/2
   431 | D:1      | XOM: noise
   433 | D:1      | XOM: divination: detect creatures
   604 | D:1      | XOM: noise
   660 | D:1      | XOM: noise
   847 | D:2      | XOM: cloud trail
   873 | D:2      | Reached XP level 3. HP: 25/29 MP: 3/3
   895 | D:2      | Noticed Terence
   900 | D:2      | Terence changed into Terence the goblin
   900 | D:2      | Noticed Terence
   901 | D:2      | Killed Terence the goblin
  1048 | D:2      | Found a shimmering altar of Xom.
  1463 | D:2      | Found a faded altar of an unknown god.
  1498 | D:2      | Reached XP level 4. HP: 31/33 MP: 4/4
  1548 | D:2      | Identified the +9 scimitar of Jusoo {heavy, rC+ SInv}
  1551 | D:2      | XOM: god gift: scale mail {god gift}
  1695 | D:3      | Found a hide-covered altar of Uskayaw.
  2333 | D:3      | Found Mipimin's Weapon Boutique.
  2336 | D:3      | Bought 3 curare-tipped darts for 39 gold pieces
  2603 | D:4      | XOM: 1-stop teleportation journey
  2610 | D:4      | Noticed a scorpion
  2613 | D:4      | Killed a scorpion
  2614 | D:4      | Reached skill level 1 in Polearms
  2614 | D:4      | Reached XP level 5. HP: 39/41 MP: 4/6
  2711 | D:4      | Reached skill level 1 in Long Blades
  2765 | D:4      | XOM: cast spell 'Summon Small Mammal'
  2765 | D:4      | Noticed an orc warrior
  2768 | D:4      | Reached skill level 1 in Stealth
  2770 | D:4      | Killed an orc warrior
  2770 | D:4      | XOM: divine lightning
  2771 | D:4      | Reached skill level 1 in Spellcasting
  2771 | D:4      | Reached XP level 6. HP: 48/48 MP: 7/7
  3100 | D:4      | XOM: destruction
  3281 | D:5      | XOM: stealth player
  3281 | D:5      | Entered Level 5 of the Dungeon
  3281 | D:5      | Noticed a black bear
  3286 | D:5      | Killed a black bear
  3292 | D:5      | Reached XP level 7. HP: 46/54 MP: 7/9
  3298 | D:5      | XOM: 1-stop teleportation journey
  3303 | D:5      | XOM: noise
  3458 | D:5      | XOM: stat loss: -1 Dex (13/14)
  3539 | D:5      | Reached skill level 1 in Short Blades
  3705 | D:5      | Learned a level 1 spell: Necrotise
  3707 | D:5      | Learned a level 1 spell: Sting
  3711 | D:5      | Learned a level 3 spell: Call Canine Familiar
  3716 | D:5      | Learned a level 4 spell: Summon Blazeheart Golem
  3763 | D:5      | Reached XP level 8. HP: 57/61 MP: 10/10
  3814 | D:5      | XOM is BORED!
  3994 | D:5      | Found a blossoming altar of Fedhas.
  4215 | D:5      | XOM: give mutations
  4215 | D:5      | Gained mutation: You are dopey. (Int -2) [Xom's mischief]
  4215 | D:5      | Gained mutation: You are robust. (+10% HP) [Xom's mischief]
  4215 | D:5      | Gained mutation: Your magical capacity is low. (-10% MP)
                  | [Xom's mischief]
  4223 | D:5      | Lost mutation: You are dopey. (Int -2) [potion of mutation]
  4223 | D:5      | Lost mutation: Your magical capacity is low. (-10% MP)
                  | [potion of mutation]
  4223 | D:5      | Gained mutation: You are partially covered in large bone
                  | plates. (SH +4) [potion of mutation]
  4223 | D:5      | Gained mutation: You sometimes lose your temper in combat.
                  | [potion of mutation]
  4223 | D:5      | Gained mutation: You do not regenerate when monsters are
                  | visible. [potion of mutation]
  4223 | D:5      | Gained mutation: You are agile. (Dex +4, Str/Int -1)
                  | [potion of mutation]
  4224 | D:5      | Lost mutation: You are partially covered in large bone
                  | plates. (SH +4) [potion of mutation]
  4224 | D:5      | Lost mutation: You do not regenerate when monsters are
                  | visible. [potion of mutation]
  4224 | D:5      | Gained mutation: Your natural rate of healing is unusually
                  | fast. [potion of mutation]
  4283 | D:5      | Reached skill level 1 in Ice Magic
  4283 | D:5      | Reached skill level 1 in Evocations
  4425 | D:6      | Found Guqaufy's Armour Boutique.
  4486 | D:6      | Reached skill level 5 in Axes
  4494 | D:6      | XOM: chaos cloud
  4537 | D:6      | Reached skill level 5 in Fighting
  4607 | D:6      | Found a staircase to the Ecumenical Temple.
  4614 | D:6      | XOM: polymorph sky beast -> redback
  4619 | D:6      | Reached XP level 9. HP: 51/74 MP: 12/12
  4630 | Temple   | Entered the Ecumenical Temple
  4835 | D:6      | XOM: 11-stop teleportation journey
  5019 | D:6      | Found a sacrificial altar of Ru.
  5054 | D:6      | Found a hazy altar of Hepliaklqana.
  5065 | D:6      | XOM: give mutations
  5065 | D:6      | Lost mutation: You are agile. (Dex +4, Str/Int -1) [Xom's
                  | mischief]
  5065 | D:6      | Gained mutation: You are somewhat resistant to further
                  | mutation. [Xom's mischief]
  5065 | D:6      | Gained mutation: You are occasionally teleported next to
                  | monsters. [Xom's mischief]
  5074 | D:6      | XOM: blink monster(s)
  5082 | D:6      | Lost mutation: You are occasionally teleported next to
                  | monsters. [potion of mutation]
  5082 | D:6      | Lost mutation: Your natural rate of healing is unusually
                  | fast. [potion of mutation]
  5082 | D:6      | Gained mutation: Your muscles are strong. (Str +4, Int/Dex
                  | -1) [potion of mutation]
  5108 | D:7      | XOM: enchant monster (bad)
  5169 | D:7      | Found Noeps's Elemental Accessories.
  5173 | D:7      | XOM: give mutation
  5173 | D:7      | Gained mutation: You are dopey. (Int -2) [Xom's mischief]
  5178 | D:7      | Bought a wand of flame (11) for 84 gold pieces
  5216 | D:7      | Identified the +1 trident "Fozyoh" {flame, Will+ Str+2}
  5231 | D:7      | XOM: summons 2 hostile shadow creatures
  5360 | D:7      | XOM: confusion
  5554 | D:7      | Found a burning altar of Makhleb.
  5765 | D:8      | Found an iron altar of Okawaru.
  5818 | D:8      | XOM: cleaving
  5819 | D:8      | Reached skill level 5 in Armour
  5820 | D:8      | XOM: polymorph water moccasin -> river rat
  5836 | D:8      | Reached XP level 10. HP: 25/83 MP: 12/14
  5842 | D:8      | Reached skill level 5 in Dodging
  5846 | D:8      | HP: 1/83 [wyvern (10)]
  5850 | D:8      | XOM: give mutations
  5850 | D:8      | Gained mutation: You have a pair of small horns on your
                  | head. [Xom's grace]
  5850 | D:8      | Gained mutation: You expend magic power (3 MP) to
                  | strengthen your wands. [Xom's grace]
  5850 | D:8      | Gained mutation: Your movements are slightly less
                  | encumbered by armour. (ER -2) [Xom's grace]
  6115 | D:8      | Found a staircase to the Lair.
  6241 | D:8      | Found Luishrifu's Jewellery Shop.
  6638 | D:8      | XOM: noise
  6696 | D:8      | XOM: confusion
  6919 | D:9      | Found a staircase to the Orcish Mines.
  6990 | D:9      | XOM: divination: detect items
  7029 | D:9      | Noticed a two-headed ogre
  7029 | D:9      | XOM: 2-stop teleportation journey
  7033 | D:9      | Killed a two-headed ogre
  7213 | D:9      | XOM: torment (43/84 hp)
  7280 | D:9      | XOM: give mutations
  7280 | D:9      | Lost mutation: You are robust. (+10% HP) [Xom's mischief]
  7280 | D:9      | Gained mutation: Your system is resistant to poisons.
                  | (rPois) [Xom's mischief]
  7280 | D:9      | Gained mutation: You are partially covered in large bone
                  | plates. (SH +4) [Xom's mischief]
  7280 | D:9      | Lost mutation: Your movements are slightly less encumbered
                  | by armour. (ER -2) [Xom's mischief]
  7683 | D:10     | Entered Level 10 of the Dungeon
  7696 | D:10     | Noticed a skeletal warrior
  7705 | D:10     | XOM: enchant monster (good)
  7724 | D:10     | Killed a skeletal warrior
  7795 | D:10     | XOM: enchant monster (bad)
  7817 | D:10     | Reached XP level 11. HP: 55/83 MP: 15/15
  7924 | D:10     | Noticed a purple ugly thing
  7930 | D:10     | XOM: enchant monster (bad)
  7933 | D:10     | XOM: cast spell 'Alistair's Intoxication'
  7938 | D:10     | Killed a purple ugly thing
  8053 | D:10     | Noticed a two-headed ogre
  8059 | D:10     | Killed a two-headed ogre
  8068 | D:10     | Noticed a boulder beetle
  8079 | D:10     | Killed a boulder beetle
  8200 | D:10     | Noticed a boulder beetle
  8202 | D:10     | Noticed a boulder beetle
  8208 | D:10     | XOM: fog
  8208 | D:10     | Noticed a boulder beetle
  8210 | D:10     | Killed a boulder beetle
  8213 | D:10     | XOM: summons 6 hostile demons
  8218 | D:10     | Killed a boulder beetle
  8220 | D:10     | Killed a boulder beetle
  8224 | D:10     | XOM: noise
  8401 | D:10     | Found Tecots's Book Boutique.
  8478 | D:10     | Reached skill level 5 in Evocations
  8521 | D:10     | Noticed a two-headed ogre
  8526 | D:10     | Killed a two-headed ogre
  8527 | D:10     | XOM: noise
  8531 | D:10     | XOM: summons 4 friendly demons
  8556 | D:10     | Reached skill level 5 in Ice Magic
  8638 | D:10     | Reached XP level 12. HP: 77/92 MP: 17/17
  8827 | D:10     | XOM: scenery: summon butterflies
  9148 | D:10     | Found a sparkling altar of Nemelex Xobeh.
  9148 | D:10     | Found a transporter.
  9148 | D:10     | Noticed a stone giant
  9223 | D:10     | XOM: 5-stop teleportation journey
  9274 | D:10     | Noticed Erolcha
  9277 | D:10     | XOM: potion effect (brilliance)
  9279 | D:10     | Killed Erolcha
  9280 | D:10     | Reached skill level 5 in Long Blades
  9575 | D:11     | Learned a level 2 spell: Cigotuvi's Dreadful Rot
  9583 | D:11     | Learned a level 7 spell: Summon Hydra
  9640 | D:11     | XOM: chaos upgrade
  9653 | D:11     | XOM: 1-stop teleportation journey
  9997 | D:11     | XOM: smoke on damage
 10205 | D:11     | XOM: cast spell 'Chain of Chaos'
 10576 | D:12     | XOM: summons 2 friendly demons
 10590 | D:12     | Reached skill level 1 in Alchemy
 10592 | D:12     | Reached skill level 1 in Summonings
 10594 | D:12     | XOM: god gift: 968 gold pieces
 10599 | D:12     | XOM: scenery: create altars
 10640 | D:12     | XOM: enchant monster (good)
 10771 | D:12     | Noticed Frances
 10777 | D:12     | Noticed a soul eater
 10782 | D:12     | XOM: potion effect (invisibility)
 10787 | D:12     | Frances changed into Frances the moth of wrath
 10787 | D:12     | Noticed Frances
 10787 | D:12     | XOM: polymorph Frances -> Frances the moth of wrath
 10790 | D:12     | Killed Frances the moth of wrath
 11005 | D:12     | XOM: potion effect (might)
 11049 | D:12     | XOM: god gift: sling {god gift}
 11561 | D:12     | XOM: cast spell 'Leda's Liquefaction'
 11729 | D:13     | Noticed a centaur warrior
 11736 | D:13     | Killed a centaur warrior
 11827 | D:13     | XOM: 1-stop teleportation journey
 11846 | D:13     | Noticed a centaur warrior
 12028 | D:13     | Killed a centaur warrior
 12029 | D:13     | Reached skill level 5 in Polearms
 12031 | D:13     | Reached XP level 13. HP: 72/99 MP: 19/19
 12142 | D:13     | Found a gate to the Vaults.
 12142 | D:13     | Noticed a vault guard
 12142 | D:13     | XOM: 1-stop teleportation journey
 12148 | D:13     | Slain by a vault guard

Illustrated notes

Levels and vault maps discovered:
D:1:      kennysheep_arrival_seaside, layout_basic,
          chequers_serial_rivers_small_b
D:2:      layout_basic, basic_altar, shapermc_ecumenical_altar_flowoftime,
          uniq_terence
D:3:      layout_loops_corners, mainiacjoe_overflow_paths, serial_shops,
          nicolae_shop_real_fake_doors
D:4:      layout_loops_ring, kennysheep_generic_room_5
D:5:      layout_rooms, fedhas_altar_decomposition, minmay_manual_mares
D:6:      layout_cave_pools, nicolae_ru_path_of_blood, marbit_many_paths,
          minmay_temple_entry_butterflies, serial_shops,
          nicolae_shop_tiny_real_fake_doors, nicolae_half_adder
D:7:      layout_cave_pools, lemuel_doored_altar, nicolae_elemental_shop
D:8:      layout_rooms, okawaru_ov_weapons_minmay, minmay_lair_entry_grove,
          serial_shops, nicolae_shop_crystal
D:9:      layout_basic, orc_0_dummy, hangedman_abyss_or_decor_stagger
D:10:     hangedman_cross_cluster, layout_cave_pods, grunt_nemelex_the_gamble,
          serial_shops, shop, nicolae_have_a_lightning_rod, uniq_erolcha
D:11:     layout_irregular_city
D:12:     layout_layer_cave, uniq_frances
D:13:     layout_stronghold, hellmonk_vaults_order_and_chaos
Temple:   minmay_freezing_vapour_temple

Skill      XL: |  1  2  3  4  5  6  7  8  9 10 11 12 13 |
---------------+----------------------------------------+-----
Dodging        | 1 2 3 4 5 6 7 |  7.6
Armour         | 2 3 4 5 6 7 |  7.8
Polearms       | 1 2 3 4 5 |  5.1
Long Blades    | 1 2 3 4 5 |  5.6
Stealth        | 1 2 3 4 |  4.8
Spellcasting   | 1 2 3 4 |  4.4
Fighting       | 4 5 6 7 8 |  8.6
Axes           | 4 5 6 7 8 |  8.7
Short Blades   | 1 2 3 4 |  4.8
Ice Magic      | 1 2 3 5 6 |  6.1
Evocations     | 1 3 4 5 6 |  6.0
Alchemy        | 1 2 |  2.0
Summonings     | 1 2 |  2.1

Action                     |  1- 3 |  4- 6 |  7- 9 | 10-12 | 13-15 || total
---------------------------+-------+-------+-------+-------+-------++-------
  Melee: Hand axe          |   115 |    36 |    55 |       |       ||   206
         Dagger            |   102 |       |       |       |       ||   102
         Scimitar          |       |    55 |   137 |   241 |     8 ||   441
         Quick blade       |       |    12 |    38 |       |       ||    50
         Trident           |       |       |    43 |   259 |    11 ||   313
         Headbutt          |       |       |       |    59 |     1 ||    60
  Evoke: Wand              |       |       |       |    14 |     2 ||    16
         Lightning rod     |       |       |       |     7 |     2 ||     9
    Use: Scroll            |     1 |     4 |    13 |    17 |     2 ||    37
         Potion            |       |       |     8 |     7 |       ||    15
   Stab: Petrifying        |     3 |       |       |     1 |       ||     4
         Sleeping          |       |       |       |     6 |       ||     6
         Paralysed         |       |       |       |     5 |       ||     5
         Distracted        |       |       |       |     1 |       ||     1
         Petrified         |       |       |       |     4 |       ||     4
 Armour: Leather armour    |    60 |       |       |       |       ||    60
         Scale mail        |    20 |    50 |   221 |   195 |       ||   486
         Acid dragon scale |       |       |       |   102 |    12 ||   114
  Dodge: Dodged            |    56 |    30 |   166 |   223 |     5 ||   480
  Block: Other             |       |       |       |    35 |     1 ||    36

Table legend: (Time is in decaauts)
 A = Elapsed time spent in this place.
 B = Non-inter-level travel time spent in this place.
 C = Inter-level travel time spent in this place.
 D = Time resting spent in this place.
 E = Time spent auto-exploring this place.
 F = Levels seen in this place.
 G = Mean time per level.
                   A        B        C        D        E       F      G
               +--------+--------+--------+--------+--------+-----+--------+
         Total |  12509 |  12103 |    406 |   1298 |   8130 |  14 |  893.5 |
       Dungeon |  12449 |  12043 |    406 |   1272 |   8130 |  13 |  957.6 |
        Temple |     60 |     60 |      0 |     26 |      0 |   1 |   60.0 |
               +--------+--------+--------+--------+--------+-----+--------+

Top non-repeatable levels by time:
    D:10: 1977 daAuts
    D:12: 1361 daAuts
     D:8: 1077 daAuts
    D:11: 1058 daAuts
     D:5: 963 daAuts
     D:3: 951 daAuts
     D:9: 884 daAuts
     D:1: 849 daAuts
     D:4: 844 daAuts
     D:2: 805 daAuts
     D:7: 718 daAuts
     D:6: 703 daAuts
    D:13: 255 daAuts
  Temple: 60 daAuts
